 Dungeon Crawl Stone Soup version 0.27-a0-808-g60bc5d92e6 (webtiles) character file.

Game seed: 683904974548207631

362 sizableburger the Gusty (level 6, -3/47 HPs)
             Began as a Demonspawn Air Elementalist on Mar 28, 2021.
             Slain by Duvessa
             ... wielding a +0 short sword
              (8 damage)
             ... on level 4 of the Dungeon.
             The game lasted 00:13:35 (5384 turns).

sizableburger the Gusty (DsAE)                      Turns: 5384, Time: 00:13:36

Health: -3/47      AC:  3    Str:  8    XL:     6   Next: 39%
Magic:  1/9        EV: 12    Int: 20    God:
Gold:   187        SH:  0    Dex: 16    Spells: 3/9 levels left

rFire    . . .     SeeInvis .   i - +2 dagger (distort)
rCold    . . .     Faith    .   (no shield)
rNeg     . . .     Spirit   .   a - +0 robe
rPois    .         Reflect  .   (helmet restricted)
rElec    .         Harm     .   (no cloak)
rCorr    .         Rampage  .   h - +0 pair of gloves
Will     .....                  (no boots)
Stlth    +++.......             m - amulet of the acrobat
HPRegen  0.15/turn              (no ring)
MPRegen  0.11/turn              (no ring)

@: mighty
A: antennae 1, thin skeletal structure 1, powered by pain 1, clever 1,
MP-powered wands
a: no special abilities


You were on level 4 of the Dungeon.
You visited 1 branch of the dungeon, and saw 4 of its levels.

You collected 187 gold pieces.

Inventory:

Hand Weapons
 i - a +2 dagger of distortion (weapon)
Missiles
 n - a throwing net
Armour
 a - a +0 robe (worn)
 h - a +0 pair of gloves (worn)
Jewellery
 m - an amulet of the acrobat (around neck)
Scrolls
 d - a scroll of summoning {unknown}
 f - a scroll of teleportation {unknown}
 g - a scroll of acquirement {unknown}
 k - a scroll of amnesia {unknown}
Potions
 b - a potion of brilliance {unknown}
 c - a potion of mutation
 e - a potion of degeneration {unknown}
 j - a potion of might {unknown}
 l - a potion of invisibility {unknown}


   Skills:
 + Level 3.1 Fighting
 + Level 2.4 Short Blades
 - Level 0.8 Maces & Flails
 - Level 1.7 Dodging
 - Level 1.7 Stealth
 - Level 2.0 Spellcasting
 + Level 3.2 Conjurations
 + Level 4.0 Air Magic


You had 3 spell levels left.
You knew the following spells:

 Your Spells              Type           Power      Damage    Failure   Level
a - Shock                 Conj/Air       64%        1d7       3%          1
b - Swiftness             Air            18%        N/A       4%          2
c - Static Discharge      Conj/Air       16%        N/A       11%         3

Your spell library contained the following spells:

 Spells                   Type           Power      Damage    Failure   Level
 Airstrike                Air            9%         N/A       30%         4
 Lightning Bolt           Conj/Air       8%         1d20      69%         5


Dungeon Overview and Level Annotations

Branches:
Dungeon (4/15)
 Temple: D:4-7

Altars:
Nemelex Xobeh
Zin

Shops:
D:3 :

Annotations:
D:4 Dowan, Duvessa


Innate Abilities, Weirdness & Mutations

You have a pair of small antennae on your head.
You have a somewhat thin skeletal structure. (Dex +2, Stealth)
You sometimes gain a little power by taking damage.
Your mind is acute. (Int +2)
You expend magic power (3 MP) to strengthen your wands.


Message History

You are struck by an arc of lightning.
The lightning grounds out.
Duvessa hits you with a +0 short sword.
Dowan hits you with a +4 dagger of flaming.
Dowan burns you.
Casting: Static Discharge (dangerous; 11% risk of failure)
Confirm with . or Enter, or press ? or * to list all spells.
Duvessa is struck by an arc of lightning.
Duvessa is moderately wounded.
You are struck by an arc of lightning.
Duvessa is struck by an arc of lightning.
Duvessa is moderately wounded.
The lightning grounds out.
Duvessa misses you. Dowan misses you.
Unknown command.
Your magical contamination has completely faded away.
Dowan gestures at Duvessa while chanting.
Duvessa seems to speed up.
Duvessa barely misses you.
You see here 7 bolts.
Casting: Static Discharge (dangerous; 11% risk of failure)
Confirm with . or Enter, or press ? or * to list all spells.
Aiming: Shock (safe; 3% risk of failure)
Press: ? - help, Shift-Dir - straight line
Okay, then.
Dowan says, "Magic and the sword, together, will defeat you."
Dowan mumbles some strange words.
Dowan blinks!
Casting: Shock (safe; 3% risk of failure)
Confirm with . or Enter, or press ? or * to list all spells.
Aiming: Shock (safe; 3% risk of failure)
Press: ? - help, Shift-Dir - straight line The zap hits Duvessa.
Duvessa is heavily wounded.
Duvessa hits you with a +0 short sword!
You focus on the pain.
You feel very mighty all of a sudden.
Dowan hits you with a +4 dagger of flaming!
* * * LOW HITPOINT WARNING * * *
Dowan burns you.
* * * LOW HITPOINT WARNING * * *
Duvessa hits you with a +0 short sword!
You die...

###### ##....# ##..##.##
#..##...## #.##.....##
#####.#.......###
#######e........_.....# .
######)...e@.....#.......#.#
...#......ยง###########.....##.#
.....###..## ##...###.#
.........## ##.## #..
...#####..#### #.# ##.
#.....####### #.###...
#.###.......#####.....## #.#
#######......#...## #.#
#####.......#


You could see Duvessa (fast) and Dowan.

Vanquished Creatures
  An orc priest (D:4)
  Natasha (thrice) (D:3)
  Terence (D:2)
  An orc wizard (D:3)
  Robin (D:2)
  3 adders
  3 gnolls (D:3)
  A howler monkey skeleton (D:4)
  A worm (D:2)
  5 dart slugs
  6 orcs
  6 ball pythons
  4 endoplasms
  2 giant cockroaches
  17 goblins
  4 hobgoblins
  3 jackals
  6 quokkas (D:1)
  5 bats
  5 frilled lizards
  5 kobolds
  4 rats
87 creatures vanquished.

Notes
Turn   | Place    | Note
-------+----------+-------------------------------------------
     0 | D:1      | sizableburger the Demonspawn Air Elementalist began the
                  | quest for the Orb.
     0 | D:1      | Reached XP level 1. HP: 13/13 MP: 3/3
   604 | D:1      | Gained mutation: You sometimes gain a little power by
                  | taking damage. [demonic ancestry]
   604 | D:1      | Reached XP level 2. HP: 20/20 MP: 0/5
   943 | D:1      | Reached skill level 1 in Fighting
  1065 | D:1      | Learned a level 2 spell: Swiftness
  1094 | D:1      | Reached skill level 3 in Air Magic
  1515 | D:1      | Gained mutation: You have a somewhat thin skeletal
                  | structure. (Dex +2, Stealth) [demonic ancestry]
  1515 | D:1      | Reached XP level 3. HP: 26/26 MP: 6/6
  1891 | D:2      | Noticed Terence
  2183 | D:2      | Noticed Robin
  2191 | D:2      | Killed Robin
  2281 | D:2      | Killed Terence
  2282 | D:2      | Reached skill level 1 in Short Blades
  2282 | D:2      | Gained mutation: You have a pair of small antennae on your
                  | head. [demonic ancestry]
  2282 | D:2      | Reached XP level 4. HP: 9/33 MP: 1/7
  3208 | D:3      | Gained mutation: You expend magic power (3 MP) to
                  | strengthen your wands. [potion of mutation]
  3208 | D:3      | Gained mutation: Your mind is acute. (Int +2) [potion of
                  | mutation]
  3211 | D:3      | Reached XP level 5. HP: 12/38 MP: 4/8
  3651 | D:3      | Found Osmu's Book Boutique.
  4034 | D:3      | Noticed Natasha
  4041 | D:3      | Killed Natasha
  4585 | D:3      | Noticed Natasha
  4587 | D:3      | Found a sparkling altar of Nemelex Xobeh.
  4593 | D:3      | Killed Natasha
  4664 | D:3      | Noticed Natasha
  4671 | D:3      | Killed Natasha
  4672 | D:3      | Reached XP level 6. HP: 46/46 MP: 5/9
  4831 | D:3      | Learned a level 3 spell: Static Discharge
  5165 | D:4      | Reached skill level 4 in Air Magic
  5348 | D:4      | Noticed Dowan
  5350 | D:4      | Noticed Duvessa
  5384 | D:4      | Slain by Duvessa

Illustrated notes

Levels and vault maps discovered:
D:1:      shiori_arrival_maze, layout_basic
D:2:      layout_basic, wander_ebering_terrifying_dragon_lair, uniq_robin,
          uniq_terence
D:3:      layout_basic, lemuel_crystal_altar, serial_shops, nicolae_shop_trees,
          serial_aquarium, aquarium_bridge_square [aquarium_subvault_wall,
          aquarium_subvault_bridge, aquarium_subvault_wall,
          aquarium_subvault_bridge], aquarium_window_2, aquarium_window_3,
          aquarium_window_1, aquarium_view_2a, aquarium_balcony_3b,
          aquarium_pool_four, uniq_natasha
D:4:      layout_rooms, lemuel_round_altar, lemuel_round_altar,
          minmay_temple_entry_glassed_door, hangedman_decor_clover_reticule,
          uniq_duvessa

Skill      XL: |  1  2  3  4  5  6 |
---------------+-------------------+-----
Fighting       | 1 2 3 |  3.1
Air Magic      | 3 4 |  4.0
Conjurations   | 2 3 |  3.2
Short Blades   | 1 2 |  2.4
Maces & Flails | |  0.8
Dodging        | |  1.7
Stealth        | |  1.7
Spellcasting   | |  2.0

Action                   |  1- 3 |  4- 6 || total
-------------------------+-------+-------++-------
Melee: Whip              |    26 |       ||    26
       Short sword       |    30 |       ||    30
       Dagger            |     2 |    84 ||    86
 Cast: Shock             |    57 |    31 ||    88
       Static Discharge  |       |     6 ||     6
       Swiftness         |       |     2 ||     2
  Use: Potion            |       |     2 ||     2
 Stab: Sleeping          |     2 |    12 ||    14
       Distracted        |       |     1 ||     1
Armor: Robe              |    19 |    11 ||    30
Dodge: Dodged            |    55 |    53 ||   108

Table legend: (Time is in decaauts)
 A = Elapsed time spent in this place.
 B = Non-inter-level travel time spent in this place.
 C = Inter-level travel time spent in this place.
 D = Time resting spent in this place.
 E = Time spent auto-exploring this place.
 F = Levels seen in this place.
 G = Mean time per level.
                   A        B        C        D        E       F      G
               +--------+--------+--------+--------+--------+-----+--------+
         Total |   5379 |   5282 |     97 |   1859 |   2511 |   4 | 1344.8 |
       Dungeon |   5379 |   5282 |     97 |   1859 |   2511 |   4 | 1344.8 |
               +--------+--------+--------+--------+--------+-----+--------+

Top non-repeatable levels by time:
     D:3: 1697 daAuts
     D:1: 1648 daAuts
     D:2: 1526 daAuts
     D:4: 506 daAuts
